 Dungeon Crawl Stone Soup version 0.24.0-29-g8ce449bc06 (webtiles) character file.

Game seed: 12295275848648186063, levelgen mode: deterministic

48953 Flugslaktarn the Severer (level 14, -2/127 HPs)
             Began as a Minotaur Fighter on Nov 16, 2019.
             Was the Champion of Cheibriados.
             Slain by a troll (5 damage)
             ... led by an orc warlord
             ... while paralysed by an orc sorcerer
             ... on level 2 of the Orcish Mines.
             The game lasted 00:08:37 (14868 turns).

Flugslaktarn the Severer (Minotaur Fighter)        Turns: 14868, Time: 00:08:37

Health: -2/127     AC: 24    Str: 41    XL:     14   Next: 14%
Magic:  0/20       EV:  2    Int: 20    God:    Cheibriados [******]
Gold:   796        SH:  0    Dex: 23    Spells: 13/13 levels left

rFire    . . .     SeeInvis .   I - +5 battleaxe (chop)
rCold    . . .     Gourm    .   (shield currently unavailable)
rNeg     . . .     Faith    .   E - +0 plate armour
rPois    .         Spirit   +   (helmet unavailable)
rElec    .         Reflect  .   S - scarf {Spirit}
rCorr    .         Harm     .   U - +1 pair of gloves
MR       +....                  F - +0 pair of boots
Stlth    ..........             x - amulet of regeneration
HPRegen  0.71/turn              p - +5 ring of protection
MPRegen  0.17/turn              v - +4 ring of evasion

@: paralysed, slowed, very slow
A: retaliatory headbutt, horns 3, talons 1, clumsy 1, sturdy frame 1
a: Bend Time, Temporal Distortion, Slouch, Step From Time, Renounce Religion


You were on level 2 of the Orcish Mines.
You worshipped Cheibriados.
Cheibriados was exalted by your worship.
You were not hungry.

You visited 3 branches of the dungeon, and saw 18 of its levels.

You collected 1585 gold pieces.
You spent 789 gold pieces at shops.

Inventory:

Hand Weapons
 I - a +5 battleaxe of chopping (weapon)
   (You bought it in a shop on level 10 of the Dungeon)
Armour
 c - a +0 shield
 y - a +0 cloak
   (You took it off Crazy Yiuf on level 4 of the Dungeon)
 E - a +0 plate armour (worn)
   (You took it off an orc warrior on level 9 of the Dungeon)
 F - a +0 pair of boots (worn)
   (You found it on level 10 of the Dungeon)
 S - a scarf of spirit shield (worn)
   (You found it on level 6 of the Lair of Beasts)
 U - a +1 pair of gloves (worn)
   (You found it on level 6 of the Lair of Beasts)
Jewellery
 f - a +4 ring of strength
   (You found it on level 1 of the Dungeon)
 n - an uncursed amulet of guardian spirit
   (You found it on level 3 of the Dungeon)
 p - a +5 ring of protection (left hand)
   (You found it on level 3 of the Lair of Beasts)
 v - a +4 ring of evasion (right hand)
   (You found it on level 8 of the Dungeon)
 x - an amulet of regeneration (around neck)
   (You found it on level 4 of the Dungeon)
Wands
 b - a wand of digging (19)
   (You found it on level 4 of the Dungeon)
 h - a wand of iceblast (5)
   (You found it on level 4 of the Dungeon)
 m - a wand of clouds (6)
   (You found it on level 9 of the Dungeon)
 M - a wand of paralysis (9)
   (You found it on level 3 of the Lair of Beasts)
 Q - a wand of acid (11)
   (You found it on level 1 of the Lair of Beasts)
 T - a wand of scattershot (7)
   (You found it on level 6 of the Lair of Beasts)
Scrolls
 g - 3 scrolls of enchant armour
 k - 3 scrolls of fear
 l - 2 scrolls of vulnerability
 o - 2 scrolls of immolation
 r - 2 scrolls of holy word {unknown}
 t - 7 scrolls of teleportation
 u - 5 scrolls of remove curse
 z - a scroll of blinking
 D - a scroll of fog
 H - 2 scrolls of summoning
 R - a scroll of magic mapping
Potions
 a - 2 potions of brilliance {unknown}
 d - 3 potions of might
 i - a potion of berserk rage
 q - 7 potions of curing
 s - a potion of agility
 w - 2 potions of heal wounds
 B - a potion of ambrosia
 G - a potion of magic {unknown}
 J - 2 potions of lignification {unknown}
 K - a potion of mutation
 L - 5 potions of haste
Comestibles
 e - 34 rations


   Skills:
 + Level 12.3 Fighting
 * Level 16.1 Axes
 + Level 12.3 Armour
 + Level 10.4 Dodging
 - Level 5.2 Shields
 + Level 9.8 Invocations
 - Level 5.0 Evocations


You had 13 spell levels left.
You didn't know any spells.
Your spell library was empty.

Dungeon Overview and Level Annotations

Branches:
Dungeon (10/15)            Temple (0/1) D:7            Lair (6/6) D:10
 Shoals (0/4) Lair:3       Spider (0/4) Lair:3        Slime (0/5) Lair:5
    Orc (2/2) D:9
    Elf: Orc:2

Altars:
Ashenzari
Cheibriados
Elyvilon
Gozag
Hepliaklqana
Kikubaaqudgha
Makhleb
Nemelex Xobeh
Okawaru
Qazlal
Sif Muna
Uskayaw
Vehumet
Xom
Zin
Beogh
Jiyva

Shops:
D:5 !   D:10 ?(!   Orc:2 *

Annotations:
Lair:3 2 runed translucent doors, Feulaj's ghost, journeyman MiBe


Innate Abilities, Weirdness & Mutations

You reflexively headbutt those who attack you in melee.
You have a pair of large horns on your head.
You have sharp toenails.
You are clumsy. (Dex -2)
Your movements are slightly less encumbered by armour. (ER -2)


Message History

The orc wizard gestures at you while chanting.
The magic dart hits you. The troll bites you but does no damage.
The troll claws you but does no damage. x2
The orc warlord hits you from afar with a +0 bardiche!!!
* * * LOW HITPOINT WARNING * * *
The orc warrior hits you from afar with a +0 glaive.
* * * LOW HITPOINT WARNING * * *
The orc knight unwields a +0 arbalest.
The orc knight wields a +0 great mace.
The orc knight hits you with a +0 great mace!
* * * LOW HITPOINT WARNING * * *
The warg bites you.
* * * LOW HITPOINT WARNING * * *
You hear a shout!
An orc priest comes into view. It is wielding a +0 whip.
An orc wizard comes into view. It is wielding a +0 dagger.
The orc wizard hits you but does no damage. x2
The troll bites you.
* * * LOW HITPOINT WARNING * * *
The troll claws you but does no damage. The troll claws you.
You die... ### ....# #∩.# ....# ...# 8...8# ...##.....# ..o#.....# ohooo..o.

..#####oho.o...
....8oT@oooo...
......oooo.....
.......ooo._...
.........oo....
....8..........
.######oo.....o
........o
..#.....#


You could see an orc warlord, 3 orc knights, an orc high priest, a troll, 2
wargs, 2 orc sorcerers, 10 orc warriors, 3 orc priests, 5 orc wizards and 2
orcs.

Vanquished Creatures
  A stone giant (Orc:1)
  A fire dragon (Lair:6)
  2 hydras
  4 two-headed ogres
  A lindwurm (Lair:6)
  An orc knight (Orc:1)
  An ugly thing (D:8)
  An orb spider (Lair:3)
  9 elephants
  5 black mambas
  Joseph (D:8)
  Psyche (D:8)
  6 torpor snails (Lair:6)
  11 spiny frogs
  2 rime drakes
  6 komodo dragons
  2 trolls
  10 polar bears (Lair:6)
  7 hornets (Lair:6)
  9 hippogriffs
  4 raiju (Lair:6)
  4 tyrant leeches (Lair:6)
  3 blink frogs (Lair:2)
  Sigmund (D:4)
  A wyvern (D:7)
  37 yaks
  4 basilisks
  2 hungry ghosts (D:10)
  4 hogs (D:7)
  4 humans
  2 chaos spawn (D:9)
  7 wargs
  2 soldier ants (D:10)
  11 hell hounds (Lair:6)
  5 water moccasins
  13 porcupines
  12 orc warriors
  13 black bears
  2 sky beasts
  4 ice beasts
  An eye of draining (D:10)
  11 ogres
  26 wolves
  2 centaurs (D:10)
  12 crocodiles
  2 big kobolds (D:10)
  A gnoll sergeant (D:9)
  11 bullfrogs
  A water moccasin zombie (D:7)
  A scorpion (D:4)
  2 wyvern skeletons
  The ghost of Flugslaktarn the Covered, a weakling DDFi (D:7)
  A killer bee (D:10)
  A wight (D:10)
  4 howler monkeys
  A bullfrog zombie (D:5)
  2 crimson imps
  2 hounds
  10 orc priests
  2 centaur skeletons
  Crazy Yiuf (D:4)
  6 jellies
  5 orc wizards
  2 bullfrog skeletons
  5 iguanas
  10 worker ants
  A hound zombie (D:8)
  A hound skeleton (D:6)
  9 gnolls
  7 adders
  4 shadow imps
  An adder zombie (D:6)
  6 dart slugs
  3 leopard geckos
  62 orcs
  6 bats
  A bat zombie (D:8)
  4 giant cockroaches
  10 goblins
  15 hobgoblins
  9 jackals
  7 quokkas
  3 ball pythons
  7 frilled lizards
  16 kobolds
  13 rats
  A rat zombie (D:8)
  A fungus (Lair:6)
  5 plants
531 creatures vanquished.

Vanquished Creatures (others)
  An orc wizard (D:6)
  An orc (D:7)
  4 fungi
  12 plants
18 creatures vanquished.

Grand Total: 549 creatures vanquished

Notes
Turn   | Place    | Note
-------+----------+-------------------------------------------
     0 | D:1      | Flugslaktarn the Minotaur Fighter began the quest for the
                  | Orb.
     0 | D:1      | Reached XP level 1. HP: 19/19 MP: 0/0
   180 | D:1      | Reached skill level 3 in Axes
   180 | D:1      | Reached XP level 2. HP: 27/27 MP: 1/1
   406 | D:1      | Reached XP level 3. HP: 33/33 MP: 2/2
  1201 | D:2      | Reached XP level 4. HP: 40/40 MP: 3/3
  1411 | D:2      | Found a snail-covered altar of Cheibriados.
  1414 | D:2      | Reached skill level 4 in Axes
  1417 | D:2      | Became a worshipper of Cheibriados the Contemplative
  1557 | D:2      | Found a shattered altar of Ashenzari.
  1557 | D:2      | Found a radiant altar of Vehumet.
  1562 | D:2      | Found a stormy altar of Qazlal.
  1563 | D:2      | Found a shimmering blue altar of Sif Muna.
  1563 | D:2      | Found a hide-covered altar of Uskayaw.
  1563 | D:2      | Found an iron altar of Okawaru.
  1563 | D:2      | Found a glowing silver altar of Zin.
  1566 | D:2      | Found a hazy altar of Hepliaklqana.
  1571 | D:2      | Found a sparkling altar of Nemelex Xobeh.
  1748 | D:3      | Reached XP level 5. HP: 29/47 MP: 4/4
  2002 | D:3      | Reached skill level 1 in Invocations
  2073 | D:3      | Reached * piety under Cheibriados
  2098 | D:3      | Found a burning altar of Makhleb.
  2098 | D:3      | Noticed a balrug
  2101 | D:3      | Noticed an orange demon
  2101 | D:3      | Noticed a ynoxinul
  2502 | D:4      | Reached XP level 6. HP: 52/53 MP: 6/6
  2533 | D:4      | Noticed Sigmund
  2539 | D:4      | Reached ** piety under Cheibriados
  2539 | D:4      | Reached skill level 5 in Axes
  2543 | D:4      | Killed Sigmund
  2543 | D:4      | Reached skill level 5 in Fighting
  2543 | D:4      | Reached skill level 5 in Armour
  2543 | D:4      | Reached skill level 5 in Shields
  2759 | D:4      | Found a runed translucent door.
  2760 | D:4      | Noticed Crazy Yiuf
  2799 | D:4      | Reached XP level 7. HP: 42/61 MP: 7/7
  3067 | D:4      | Reached skill level 6 in Axes
  3067 | D:4      | Reached skill level 1 in Dodging
  3347 | D:4      | Killed Crazy Yiuf
  3386 | D:5      | Entered Level 5 of the Dungeon
  3741 | D:5      | Found Raah's Distillery.
  3758 | D:5      | Bought a potion of curing for 42 gold pieces
  3758 | D:5      | Bought a potion of curing for 42 gold pieces
  3758 | D:5      | Bought a potion of might for 56 gold pieces
  4196 | D:6      | Reached XP level 8. HP: 58/70 MP: 0/9
  4248 | D:6      | Reached *** piety under Cheibriados
  4376 | D:6      | Reached skill level 7 in Axes
  4719 | D:6      | Reached skill level 8 in Axes
  5296 | D:7      | Reached XP level 9. HP: 78/78 MP: 11/11
  5308 | D:7      | Reached **** piety under Cheibriados
  5309 | D:7      | Reached skill level 9 in Axes
  5587 | D:7      | Found a staircase to the Ecumenical Temple.
  5622 | D:7      | Found a runed translucent gate.
  5623 | D:7      | Found a runed translucent gate.
  5623 | D:7      | Found an opulent altar of Gozag.
  5623 | D:7      | Noticed Flugslaktarn's ghost (weakling DDFi)
  5624 | D:7      | Found a runed translucent gate.
  5727 | D:7      | Killed Flugslaktarn's ghost
  5795 | D:8      | Reached skill level 5 in Invocations
  5858 | D:8      | Noticed a two-headed ogre
  5863 | D:8      | Killed a two-headed ogre
  5863 | D:8      | Reached skill level 10 in Axes
  5863 | D:8      | Reached skill level 5 in Dodging
  5933 | D:8      | Noticed Joseph
  5942 | D:8      | Killed Joseph
  5942 | D:8      | Reached XP level 10. HP: 53/88 MP: 13/13
  6119 | D:8      | Found a flagged portal.
  6137 | D:8      | Gained mutation: You are clumsy. (Dex -2) [potion of
                  | mutation]
  6137 | D:8      | Gained mutation: Your movements are slightly less
                  | encumbered by armour. (ER -2) [potion of mutation]
  6137 | D:8      | Gained mutation: You have sharp toenails. [potion of
                  | mutation]
  6137 | D:8      | Gained mutation: You have a pair of large horns on your
                  | head. [potion of mutation]
  6207 | D:8      | Noticed a brown ugly thing
  6213 | D:8      | Killed a brown ugly thing
  6213 | D:8      | Reached skill level 11 in Axes
  6328 | D:8      | Found a white marble altar of Elyvilon.
  6392 | D:8      | Found an ancient bone altar of Kikubaaqudgha.
  6457 | D:8      | Noticed Psyche
  6462 | D:8      | Killed Psyche
  6827 | D:9      | Found the +7 mace of Variability {chain chaos}
  6851 | D:9      | Found a shimmering altar of Xom.
  6907 | D:9      | Noticed a two-headed ogre
  6911 | D:9      | Killed a two-headed ogre
  7008 | D:9      | Reached ***** piety under Cheibriados
  7568 | D:9      | Found a staircase to the Orcish Mines.
  7910 | D:10     | Entered Level 10 of the Dungeon
  7912 | D:10     | Reached XP level 11. HP: 89/97 MP: 14/14
  7913 | D:10     | Reached skill level 12 in Axes
  7952 | D:10     | Reached ****** piety under Cheibriados
  7991 | D:10     | Noticed a two-headed ogre
  7991 | D:10     | Noticed a two-headed ogre
  7994 | D:10     | Killed a two-headed ogre
  7996 | D:10     | Killed a two-headed ogre
  8147 | D:10     | Found Mitung's Magic Scroll Emporium.
  8183 | D:10     | Bought a scroll of enchant weapon for 112 gold pieces
  8183 | D:10     | Bought a scroll of summoning for 142 gold pieces
  8186 | D:10     | Found Ruegoal's Weapon Boutique.
  8194 | D:10     | Bought a +2 battleaxe of chopping for 325 gold pieces
  8261 | D:10     | Found a staircase to the Lair.
  8269 | D:10     | Reached skill level 13 in Axes
  8272 | D:10     | Reached skill level 10 in Armour
  8328 | D:10     | Found Roni Seo's Distillery.
  8336 | D:10     | Bought a potion of heal wounds for 70 gold pieces
  8381 | D:10     | Reached skill level 10 in Fighting
  8711 | Lair:1   | Entered Level 1 of the Lair of Beasts
  8929 | Lair:1   | Reached XP level 12. HP: 106/106 MP: 16/16
  8968 | Lair:1   | Noticed a five-headed hydra
  8973 | Lair:1   | Killed a six-headed hydra
  9305 | Lair:1   | Reached skill level 1 in Evocations
  9762 | Lair:2   | Reached skill level 14 in Axes
 10256 | Lair:3   | Noticed an eight-headed hydra
 10262 | Lair:3   | Killed a ten-headed hydra
 10363 | Lair:3   | Found a large runed translucent door.
 10363 | Lair:3   | Found a large runed translucent door.
 10364 | Lair:3   | Noticed Feulaj's ghost (journeyman MiBe)
 10509 | Lair:3   | Found a hole to the Spider Nest.
 10627 | Lair:3   | Found a staircase to the Shoals.
 12167 | Lair:5   | Found a viscous altar of Jiyva.
 12167 | Lair:5   | Found a staircase to the Slime Pits.
 12733 | Lair:6   | Entered Level 6 of the Lair of Beasts
 12738 | Lair:6   | Reached XP level 13. HP: 105/116 MP: 18/18
 12750 | Lair:6   | Reached skill level 15 in Axes
 13115 | Lair:6   | Found a runed translucent door.
 13116 | Lair:6   | Noticed a fire dragon
 13801 | Lair:6   | Reached skill level 10 in Dodging
 14016 | Lair:6   | Identified Siseozxa's Papyrus of Attacks
 14077 | Lair:6   | Reached XP level 14. HP: 121/126 MP: 18/20
 14083 | Lair:6   | Reached skill level 16 in Axes
 14273 | Lair:6   | Reached skill level 5 in Evocations
 14518 | Orc:1    | Entered Level 1 of the Orcish Mines
 14640 | Orc:1    | Noticed a stone giant
 14650 | Orc:1    | Killed a stone giant
 14862 | Orc:2    | Entered Level 2 of the Orcish Mines
 14862 | Orc:2    | Found a roughly hewn altar of Beogh.
 14862 | Orc:2    | Found Mywkics's General Store.
 14862 | Orc:2    | Noticed an orc warlord
 14864 | Orc:2    | Paralysed by an orc sorcerer for 5 turns
 14868 | Orc:2    | HP: 3/127 [troll[an orc warlord] (6)]
 14868 | Orc:2    | Slain by a troll

Levels and vault maps discovered:
D:1:      psy_arrival_dodecagon, layout_basic
D:2:      lemuel_upstairs_altar, layout_rooms, cheibriados_altar_1, minitemple,
          hangedman_decor_points, kennysheep_nondescript
D:3:      layout_basic, makhleb_altar_promises_db
D:4:      layout_basic, first_ration, uniq_sigmund, uniq_crazy_yiuf_cottage
D:5:      layout_cave_pods, serial_shops, shop
D:6:      wad_crossroads, layout_basic, minmay_misc_feat_hallway
D:7:      layout_rooms, lemuel_temple_firewalk_b, ebering_ghost_gozag,
          grunt_livestock
D:8:      layout_cave_pods, lemuel_zombie_altar_kikubaaqudgha, elyvilon_altar_4,
          enter_bailey_2, columned_hall_lemuel, minmay_ruffians, uniq_joseph,
          uniq_psyche
D:9:      layout_basic, david_orc_4, special_room [special_room_orc],
          minmay_guarded_unrand_variability
D:10:     minmay_s_stair_smasher, layout_rooms, david_lair_generic,
          serial_shops, nicolae_shop_stone, shop, nicolae_shop_statue_plus
Lair:1:   layout_chaotic_city
Lair:2:   layout_chaotic_city
Lair:3:   layout_cave_pods, shoals_dummy_entry,
          nicolae_spider_entry_orb_guardian, ebering_ghost_disaster_area
Lair:4:   layout_small_grid
Lair:5:   layout_hall_layers, slime_altar_1, serial_bayou_pond_e
Lair:6:   wormcave, layout_misc_corridors, hangedman_lair_caniforms_friends,
          grunt_megastairs_4
Orc:1:    layout_caves
Orc:2:    grunt_orc_cross, layout_caves

Skill      XL: |  1  2  3  4  5  6  7  8  9 10 11 12 13 14 |
---------------+-------------------------------------------+-----
Axes           | 3 4 5 6 8 10 11 13 14 15 16 | 16.1
Shields        | 4 5 |  5.2
Fighting       | 4 5 6 7 9 10 11 12 | 12.3
Armour         | 4 5 6 8 9 10 11 12 | 12.3
Invocations    | 1 2 3 4 5 6 7 8 9 |  9.8
Dodging        | 2 3 5 6 8 9 10 | 10.4
Evocations     | 3 4 5 |  5.0

Action                   |  1- 3 |  4- 6 |  7- 9 | 10-12 | 13-15 || total
-------------------------+-------+-------+-------+-------+-------++-------
Melee: War axe           |    90 |   120 |    55 |       |       ||   265
       Headbutt          |    10 |    31 |    30 |    71 |    57 ||   199
       Battleaxe         |       |       |    93 |   286 |   194 ||   573
       Kick              |       |       |       |    29 |       ||    29
Evoke: Wand              |       |       |       |     2 |       ||     2
  Use: Scroll            |       |       |     3 |    17 |     4 ||    24
       Potion            |       |       |       |     1 |       ||     1
 Stab: Distracted        |       |       |       |       |     1 ||     1
  Eat: Chunk             |     1 |     4 |     5 |    10 |     4 ||    24
       Ration            |       |       |       |     2 |       ||     2
Armor: Scale mail        |    17 |       |       |       |       ||    17
       Chain mail        |    33 |    43 |    82 |    36 |       ||   194
       Plate armour      |       |       |       |    91 |    91 ||   182
Dodge: Dodged            |    18 |    36 |    81 |   344 |   270 ||   749
Block: Shield            |    47 |    72 |    36 |       |       ||   155
